Map: Orbital Shipyard

Players

Tefel - Winner!

  • Race: Zerg Zerg
  • League: Platinum

PsychO

  • Race: Zerg Zerg
  • League: Master

Event: Lycan League Weekly August #3

VOD

Have the link to the VOD?

Description

Time

  • Played on: Aug. 17, 2015, 12:34 p.m.
  • Length: 9:02

All games in this series

Show
View Real Time Build Order
Export as new Build Order

Tefel Zerg - Winner!

Build Orders: Pool First, Zergling Baneling 

Get SALT Encoding   

  12  0:01  Drone  
  13  0:08  Drone  
  14  0:17  Overlord  
  14  0:24  Extractor  
  14  0:25  Drone  
  15  0:35  Drone x2  
  17  0:44  Spawning Pool  
  17  0:48  Drone  
  17  1:07  Hatchery  
  17  1:09  Drone  
  17  1:13  Drone  
  17  1:16  Drone  
  19  1:21  Extractor  
  18  1:27  Drone  
  18  1:30  Queen  
  21  1:37  Drone  
  22  1:48  Overlord  
  22  2:02  Hatchery, Drone  
  22  2:10  Queen  
  22  2:15  Drone  
  25  2:20  Drone x2  
  27  2:25  Metabolic Boost  
  27  2:30  Drone  
  27  2:32  Drone  
  29  2:39  Drone x2  
  29  2:41  Drone  
  32  2:46  Baneling Nest  
  32  2:49  Drone  
  32  2:52  Drone  
  32  2:57  Overlord  
  32  2:58  Drone  
  34  3:01  Drone  
  34  3:02  Drone  
  36  3:14  Zergling x8  
  36  3:15  Zergling x2  
  36  3:17  Drone x2  
  43  3:20  Overlord  
  43  3:27  Drone  
  43  3:30  Zergling x6  
  43  3:32  Zergling x2  
  43  3:33  Zergling x2  
  49  3:35  Baneling x2  
  49  3:37  Zergling x2  
  49  3:43  Zergling x8  
  49  3:45  Zergling x2  
  49  3:46  Zergling x2  
  51  3:53  Zergling x6  
  51  3:55  Baneling x2  
  51  3:56  Zergling x2, Baneling  
  51  3:57  Zergling x2  
  51  4:00  Zergling x2  
  51  4:01  Zergling x2  
  52  4:03  Zergling x2  
  52  4:06  Zergling x2  
  51  4:13  Baneling x2  
  51  4:14  Zergling x4, Baneling  
  51  4:16  Queen  
  55  4:18  Zergling x4  
  55  4:21  Baneling x2  
  57  4:24  Zergling x2  
  57  4:28  Zergling x2  
  57  4:30  Zergling x4  
  56  4:34  Zergling x4  
  56  4:36  Zergling x4  
  57  4:41  Drone x2  
  57  4:45  Baneling x2  
  57  4:51  Overlord  
  57  4:52  Spine Crawler  
  56  4:54  Overlord  
  56  5:00  Drone  
  56  5:01  Overlord  
  56  5:05  Roach Warren  
  56  5:06  Overlord  
  56  5:10  Baneling x2  
  54  5:20  Drone x5  
  59  5:24  Drone x2  
  59  5:25  Drone x2  
  59  5:26  Drone  
  59  5:28  Overlord  
  53  5:31  Zergling x4  
  53  5:34  Drone  
  56  5:35  Drone  
  56  5:38  Zergling x2  
  56  5:40  Extractor  
  56  5:41  Lair  
  56  5:42  Extractor  
  56  5:46  Zergling x2  
  56  5:47  Zergling x6  
  60  5:50  Drone x2  
  60  5:56  Zergling x4  
  60  5:57  Zergling x2  
  63  5:58  Baneling  
  63  5:59  Baneling  
  63  6:00  Zergling x10  
  63  6:01  Zergling x2  
  63  6:02  Drone  
  63  6:04  Drone  
  71  6:07  Drone  
  71  6:08  Drone  
  73  6:15  Baneling x3  
  73  6:16  Zergling x2  
  73  6:18  Zergling x2  
  73  6:19  Zergling x2  
  73  6:22  Zergling x2  
  68  6:33  Zergling x2  
  68  6:34  Zergling x12  
  68  6:38  Zergling x8  
  72  6:42  Zergling x2  
  72  6:43  Roach  
  67  6:47  Queen  
  67  6:49  Roach  
  67  6:50  Roach  
  69  6:54  Roach  
  69  6:59  Roach  
  69  7:03  Roach  
  69  7:04  Roach x3, Queen  
  69  7:05  Roach  
  69  7:07  Roach  
  77  7:12  Roach  
  79  7:16  Roach  
  79  7:17  Drone  
  79  7:20  Drone x2  
  80  7:22  Baneling  
  80  7:25  Drone x3, Glial Reconstitution  
  80  7:26  Drone  
  80  7:28  Drone  
  85  7:30  Extractor  
  85  7:32  Extractor  
  85  7:33  Drone  
  84  7:37  Drone  
  84  7:38  Drone  
  84  7:43  Queen  
  88  7:45  Overlord  
  88  7:55  Drone x3  
  83  8:06  Overlord  
  83  8:08  Roach x2  
  83  8:11  Roach x2  
  88  8:13  Roach x5  
  88  8:14  Overlord, Queen  
  88  8:17  Roach  
  101  8:23  Roach x2  
  101  8:29  Roach  
  101  8:32  Roach  
  107  8:34  Roach  
  107  8:39  Roach  
  107  8:40  Roach x2  
  112  8:41  Roach  
Show
View Real Time Build Order
Export as new Build Order

PsychO Zerg 

Build Orders: Hatch First, Zergling Baneling 

Get SALT Encoding   

  12  0:02  Drone  
  13  0:12  Overlord  
  13  0:18  Drone  
  14  0:31  Drone x2  
  14  0:34  Drone  
  17  0:54  Hatchery  
  17  0:56  Extractor  
  15  1:06  Spawning Pool  
  15  1:09  Drone  
  15  1:12  Drone  
  15  1:16  Drone  
  17  1:22  Drone  
  18  1:31  Overlord  
  18  1:41  Drone  
  19  1:52  Queen  
  19  1:53  Zergling x2  
  22  1:55  Metabolic Boost  
  22  2:05  Queen  
  22  2:07  Drone  
  25  2:10  Drone  
  25  2:14  Drone  
  27  2:17  Drone  
  28  2:26  Baneling Nest, Drone  
  28  2:32  Overlord  
  28  2:41  Zergling x4  
  30  2:48  Zergling x2  
  31  2:54  Zergling x2  
  31  2:56  Zergling x2  
  33  3:00  Zergling x8  
  33  3:01  Zergling x2  
  38  3:09  Zergling x2  
  38  3:12  Overlord  
  39  3:14  Zergling x6  
  39  3:16  Zergling x2  
  43  3:23  Zergling x2  
  44  3:31  Baneling x2  
  44  3:33  Zergling x4  
  46  3:34  Baneling x4  
  45  3:47  Zergling x4  
  45  3:48  Zergling x8  
  41  3:57  Zergling x8  
  44  4:04  Zergling x4  
  45  4:10  Baneling x2  
  45  4:12  Baneling x2  
  45  4:13  Baneling x2  
  45  4:20  Zergling x2  
  45  4:21  Zergling x6  
  47  4:30  Zergling x2  
  46  4:38  Zergling x14  
  42  4:44  Zergling x2  
  42  4:45  Zergling x2  
  41  4:51  Zergling x2  
  41  4:52  Zergling x2  
  43  5:05  Baneling x2  
  43  5:06  Baneling x4  
  43  5:08  Zergling x4  
  45  5:18  Zergling x4  
  45  5:19  Zergling x8  
  49  5:29  Zergling x4  
  49  5:30  Overlord x2  
  51  5:48  Baneling  
  51  5:49  Baneling x4  
  44  5:58  Zergling x6  
  44  5:59  Zergling x6  
  42  6:20  Zergling x12  
  44  6:34  Zergling x6  
  44  6:35  Zergling x8  
  46  6:41  Zergling x2  
  46  6:42  Zergling x2  
  44  6:50  Zergling x2  
  39  7:02  Zergling x12  
  37  7:12  Zergling x4  
  37  7:22  Zergling x8  
  36  7:25  Zergling x2  
  36  7:28  Baneling x2  
  36  7:29  Baneling x2  
  37  7:34  Zergling x2  
  37  7:35  Zergling x2  
  39  7:39  Zergling x2  
  39  7:42  Zergling x2  
  36  7:58  Zergling x2  
  36  7:59  Zergling x8  
  37  8:08  Zergling x6  
  37  8:12  Zergling x2  
  37  8:13  Zergling x2  
  36  8:28  Zergling x10  
  38  8:37  Zergling x2  
  39  8:42  Zergling x2  

Tags
 
Add a new tag
Caveats
  • Supply blocks, unpowered buildings, or Contaminate may cause inaccurate times.
  • Supply counts are checked every 10 seconds.